 Dungeon Crawl Stone Soup version 0.29-a0-323-g050149af67 (webtiles) character file.

Game seed: 4040947966547150012

1174 Hubjo the Sneak (level 8, -3/48 HPs)
             Began as a Gargoyle Earth Elementalist on Apr 11, 2022.
             Was an Initiate of Yredelemnul.
             Slain by a hornet (11 damage)
             ... on level 4 of the Dungeon.
             The game lasted 00:13:30 (4749 turns).

Hubjo the Sneak (Gargoyle Earth Elementalist)       Turns: 4749, Time: 00:13:33

Health: -3/48      AC: 10    Str: 12    XL:     8   Next: 41%
Magic:  0/13       EV: 10    Int: 16    God:    Yredelemnul [......]
Gold:   250        SH:  0    Dex: 12    Spells: 13/14 levels left

rFire   . . .      SeeInvis .   q - +1 quarterstaff (drain)
rCold   . . .      Faith    .   (shield currently unavailable)
rNeg    + . .      Spirit   +   d - +0 ring mail {Will+}
rPois   ∞          Reflect  .   (no helmet)
rElec   +          Harm     .   (no cloak)
rCorr   +          Rampage  .   (no gloves)
Will    +....                   (no boots)
Stlth   ++........              j - amulet of guardian spirit
HPRegen 0.16/turn               r - ring of resist corrosion
MPRegen 0.13/turn               (no ring)

@: no status effects
A: sickness immunity, AC +5, negative energy resistance 1, electricity
resistance, torment resistance 1, petrification resistance
a: Renounce Religion, Recall Undead Harvest


You were on level 4 of the Dungeon.
You worshipped Yredelemnul.
Yredelemnul was noncommittal.
You visited 1 branch of the dungeon, and saw 5 of its levels.
You also visited: Ossuary.

You collected 250 gold pieces.

Inventory:

Hand Weapons
 f - a +0 dagger of protection
 g - a +0 dagger of flaming
 l - a +2 dagger of speed
 q - a +1 quarterstaff of draining (weapon)
 w - a +0 flail of protection
 y - a +3 quarterstaff of holy wrath
Missiles
 a - 257 stones
Armour
 b - a +0 robe
 d - a +0 ring mail of willpower (worn)
Jewellery
 j - an amulet of guardian spirit (around neck)
 r - a ring of resist corrosion (left hand)
Wands
 t - a wand of paralysis (10)
Scrolls
 e - 2 scrolls of summoning
 i - a scroll of fog {unknown}
 n - a scroll of teleportation {unknown}
 o - a scroll of vulnerability
 v - 3 scrolls of enchant weapon {unknown}
 B - a scroll of blinking
Potions
 c - 3 potions of magic
 h - 4 potions of degeneration {unknown}
 k - a potion of mutation {unknown}
 m - 6 potions of curing
 p - 2 potions of flight {unknown}
 s - a potion of berserk rage {unknown}
 u - a potion of attraction {unknown}
 x - 2 potions of brilliance
 z - 3 potions of might
 A - 2 potions of haste {unknown}
 C - a potion of ambrosia {unknown}


   Skills:
 + Level 4.1 Fighting
 + Level 0.7 Staves
 - Level 1.5 Dodging
 + Level 6.3 Stealth
 + Level 3.8 Spellcasting
 + Level 3.0 Transmutations
 + Level 5.8 Earth Magic
 + Level 3.2 Invocations


You had 13 spell levels left.
You knew the following spells:

 Your Spells              Type           Power      Damage    Failure   Level
a - Sandblast             Erth           42%        2d11      3%          1

Your spell library contained the following spells:

 Spells                   Type           Power      Damage    Failure   Level
 Passwall                 Tmut/Erth      14%        N/A       10%         2
 Stone Arrow              Conj/Erth      24%        3d8       34%         3
 Petrify                  Tmut/Erth      17%        N/A       54%         4
 Frozen Ramparts          Ice            6%         1d2       75%         3
 Ice Form                 Ice/Tmut       7%         N/A       91%         4
 Summon Ice Beast         Ice/Summ       3%         N/A       98%         4


Dungeon Overview and Level Annotations

Branches:
Dungeon (5/15)             Temple (0/1) D:5         Ossuary (visited)

Altars:
Okawaru
Sif Muna
Yredelemnul

Shops:
D:2 [   D:3 (

Annotations:
D:4 1 transporter


Innate Abilities, Weirdness & Mutations

You are immune to sickness and miasma.
Your stone body is resilient. (AC +5)
You are immune to poison.
You resist negative energy. (rN+)
You are resistant to electric shocks. (rElec)
You are resistant to unholy torment.
You are immune to petrification.


Message History

Your ball python zombie bites the gnoll sergeant but does no damage.
Your ball python zombie grabs the gnoll sergeant.
Your ball python zombie constricts the gnoll sergeant.
The kobold brigand barely misses your ball python zombie.
The bullfrog hits you.
The gnoll sergeant hits you from afar with a +4 trident of flaming!
The gnoll sergeant burns you.
Your ball python zombie bites the gnoll sergeant but does no damage.
Your ball python zombie constricts the gnoll sergeant.
The black bear bites you but does no damage.
The black bear claws you but does no damage. x2
You closely miss the black bear.
The black bear is lightly wounded.
The bullfrog hits you. The hornet stings you. The bullfrog closely misses you.
The gnoll sergeant barely misses you.
The gnoll sergeant blocks your ball python zombie's attack.
Your ball python zombie constricts the gnoll sergeant.
The hornet stings you but does no damage.
The black bear bites you.
The black bear claws you but does no damage. x2
You hit the black bear. You drain the black bear.
The black bear is moderately wounded.
The bullfrog barely misses you. The hornet stings you!
The gnoll sergeant hits you from afar with a +4 trident of flaming.
* * * LOW HITPOINT WARNING * * *
The gnoll sergeant burns you.
* * * LOW HITPOINT WARNING * * *
Your ball python zombie bites the gnoll sergeant but does no damage.
Your ball python zombie constricts the gnoll sergeant.
The kobold brigand throws a curare-tipped dart.
The curare-tipped dart hits you.
The black bear bites you but does no damage.
The black bear claws you.
* * * LOW HITPOINT WARNING * * *
The black bear claws you but does no damage.
The bullfrog hits you.
* * * LOW HITPOINT WARNING * * *
The hornet stings you!
You die...
Your body rises from the dead as a mindless zombie.

####.#.Z.......#
#.#.#####.#.#
####)#.####....####
#.##.#......©.....##
........#########..#
#.#....##8$_._.8##.#
.......#..$)..)..#.#
..#....#.#.....#F#.#
.....#.#..#...#y@#.#
.###.#.#......g.h#.#
#....#.#..#..Z#..#.#
##.#.#)#.#..©.K#.#.#
##..#.#.........#.#
##Z#.#.##8.....8##.#
#.##.#..#########..#
.###.##.....©.....##
.....###.##...###.#


You could see a hornet, a black bear (drained), a kobold brigand, a gnoll
sergeant (ally target), a bullfrog and a friendly ball python zombie.

Vanquished Creatures
  A black bear (D:4)
  A phantom (D:4)
  An elf zombie (D:4)
  A wight (D:4)
  A hound (D:4)
  A human zombie (D:4)
  3 iguanas (D:5)
  2 human skeletons (D:4)
  2 hound zombies (Ossuary)
  4 mummies (Ossuary)
  6 adders
  3 gnolls (D:3)
  An ufetubus (D:4)
  2 worms
  A dart slug (D:1)
  An orc (D:4)
  10 ball pythons
  7 endoplasms
  A giant cockroach (D:1)
  5 goblins
  6 hobgoblins
  4 quokkas
  4 bats
  2 frilled lizards
  A goblin zombie (Ossuary)
  A jackal zombie (Ossuary)
  6 kobolds
  A kobold zombie (Ossuary)
  An orc skeleton (D:4)
  2 orc zombies (Ossuary)
  A rat (D:1)
  2 rat zombies (Ossuary)
85 creatures vanquished.

Vanquished Creatures (collateral kills)
  A kobold demonologist (D:5)
  An elf zombie (D:4)
  A howler monkey (D:4)
  A hound (D:5)
  An iguana (D:5)
  3 orcs (D:5)
  A giant cockroach (D:2)
  A goblin (D:3)
  2 hobgoblins
  2 ball pythons
  A goblin zombie (Ossuary)
  A jackal zombie (Ossuary)
  A kobold (D:2)
  An orc zombie (Ossuary)
  A rat (D:1)
19 creatures vanquished.

Vanquished Creatures (others)
  A black bear zombie (D:4)
  A hound zombie (D:4)
  A howler monkey zombie (D:4)
  2 adder zombies (D:4)
  A bat zombie (D:1)
  A ball python zombie (D:4)
  A goblin zombie (D:4)
  A spectral ufetubus (D:4)
  5 fungi (D:3)
14 creatures vanquished.

Grand Total: 118 creatures vanquished

Notes
Turn   | Place    | Note
-------+----------+-------------------------------------------
     0 | D:1      | Hubjo the Gargoyle Earth Elementalist began the quest for
                  | the Orb.
     0 | D:1      | Reached XP level 1. HP: 10/10 MP: 3/3
   382 | D:1      | Reached XP level 2. HP: 13/16 MP: 5/5
   866 | D:1      | Reached skill level 1 in Fighting
   924 | D:1      | Reached skill level 1 in Transmutations
  1083 | D:1      | Found a faded altar of an unknown god.
  1099 | D:1      | Prayed at the altar of an unknown god.
  1099 | D:1      | Became a worshipper of Yredelemnul the Dark
  1099 | D:1      | Reached * piety under Yredelemnul
  1354 | D:1      | Reached XP level 3. HP: 20/20 MP: 6/6
  1731 | D:2      | Reached skill level 3 in Stealth
  1902 | D:2      | Reached ** piety under Yredelemnul
  2081 | D:2      | Reached XP level 4. HP: 24/26 MP: 7/7
  2114 | D:2      | Found Afuej's Armour Shop.
  2452 | D:3      | Found Vuabifof's Weapon Shoppe.
  2646 | D:3      | You fall into a shaft and drop 2 floors!
  2646 | D:5      | Entered Level 5 of the Dungeon
  2665 | D:5      | Noticed a kobold demonologist
  2687 | D:5      | Killed a kobold demonologist
  2688 | D:5      | Reached skill level 4 in Stealth
  2688 | D:5      | Reached skill level 1 in Invocations
  2688 | D:5      | Reached XP level 5. HP: 23/32 MP: 7/9
  2688 | D:5      | Reached XP level 6. HP: 26/37 MP: 7/10
  2847 | D:5      | Reached XP level 7. HP: 27/41 MP: 7/11
  3034 | D:5      | Reached skill level 5 in Stealth
  3034 | D:5      | Reached skill level 5 in Earth Magic
  3101 | D:5      | Found a staircase to the Ecumenical Temple.
  3424 | D:4      | Found an iron altar of Okawaru.
  3424 | D:4      | Noticed a hornet
  3727 | D:4      | Found a sand-covered staircase.
  3765 | D:4      | Reached XP level 8. HP: 36/48 MP: 8/13
  3803 | D:4      | Reached skill level 6 in Stealth
  3806 | Ossuary  | Entered an ossuary
  4703 | D:4      | Found a shimmering blue altar of Sif Muna.
  4713 | D:4      | Found a transporter.
  4726 | D:4      | Found a transporter.
  4749 | D:4      | Slain by a hornet

Illustrated notes

Levels and vault maps discovered:
D:1:      dpeg_arrival_oval, layout_basic, hellmonk_ecumenical_altar_arch_garden
D:2:      layout_rooms, serial_shops,
          nicolae_shop_temple_entry_statues_fountains
D:3:      layout_rooms, mainiacjoe_overflow_alcove_4, serial_shops, shop_statue,
          kennysheep_generic_room_8
D:4:      layout_loops_ring, gammafunk_temple_overflow_arena,
          nicolae_ossuary_entry_catacombs, hangedman_minor_gate_pass
D:5:      layout_cave_pools, minmay_temple_entry_butterflies

Skill      XL: |  1  2  3  4  5  6  7  8 |
---------------+-------------------------+-----
Fighting       | 1 3 4 |  4.1
Transmutations | 1 2 3 |  3.0
Stealth        | 3 4 5 6 |  6.3
Earth Magic    | 4 5 |  5.8
Invocations    | 1 2 3 |  3.2
Spellcasting   | 3 |  3.8
Staves         | |  0.7
Dodging        | |  1.5

Action                   |  1- 3 |  4- 6 |  7- 9 || total
-------------------------+-------+-------+-------++-------
Melee: Unarmed           |    16 |       |       ||    16
       Dagger            |   175 |    49 |       ||   224
       Punch             |     1 |     1 |       ||     2
       Quarterstaff      |       |    10 |   174 ||   184
 Cast: Sandblast         |     4 |     1 |       ||     5
  Use: Scroll            |       |     2 |     6 ||     8
       Potion            |       |       |     1 ||     1
 Stab: Sleeping          |     2 |       |     7 ||     9
       Distracted        |       |       |     2 ||     2
Armor: Ring mail         |   117 |    15 |   132 ||   264
       Robe              |     3 |       |       ||     3
Dodge: Dodged            |    87 |    24 |   125 ||   236

Table legend: (Time is in decaauts)
 A = Elapsed time spent in this place.
 B = Non-inter-level travel time spent in this place.
 C = Inter-level travel time spent in this place.
 D = Time resting spent in this place.
 E = Time spent auto-exploring this place.
 F = Levels seen in this place.
 G = Mean time per level.
                   A        B        C        D        E       F      G
               +--------+--------+--------+--------+--------+-----+--------+
         Total |   4777 |   4638 |    139 |      0 |   3617 |   6 |  796.2 |
       Dungeon |   4334 |   4195 |    139 |      0 |   3293 |   5 |  866.8 |
       Ossuary |    442 |    442 |      0 |      0 |    324 |   1 |  442.0 |
               +--------+--------+--------+--------+--------+-----+--------+

Top non-repeatable levels by time:
     D:1: 1530 daAuts
     D:4: 941 daAuts
     D:2: 844 daAuts
     D:5: 772 daAuts
 Ossuary: 442 daAuts
     D:3: 245 daAuts
